Avalanche vs Bruins

Created - 28 octobre 2019 at 18:43

Goals
1 2 3 T
Avalanche 1 0 0 1
Bruins 0 3 0 3
Shots
1 2 3 T
Avalanche 13 6 10 29
Bruins 6 13 12 31

1st period

1. Avalanche , Nikita Kucherov 4 (Aleksander Barkov 8, Johnny Gaudreau 4) at 19:57 (PP)

Penalties :
Sean Couturier (COL) for Hooking (Minor) at 1:07, Connor Murphy (BOS) for Holding (Minor) at 6:10, Brady Tkachuk (BOS) for Roughing (Minor) at 19:45

2nd period

2. Bruins , Sean Monahan 5 (Cam Fowler 7) at 4:00
3. Bruins , Brady Tkachuk 3 (Ondrej Palat 1, Anthony Mantha 4) at 8:35
4. Bruins , Anthony Mantha 5 (Sean Monahan 9) at 11:38

Penalties :
Connor Murphy (BOS) for Diving (Minor) at 4:13, Nikita Kucherov (COL) for Holding (Minor) at 13:06

3rd period

No Goal

Penalties :
Micheal Ferland (BOS) for Roughing (Double Minor) at 14:12

Goalie Stats

Henrik Lundqvist (COL), 28 saves from 31 shots - (0,903), L, 3-5-1, 60:00 minutes
Juuse Saros (BOS), 28 saves from 29 shots - (0,966), W, 5-1-1, 60:00 minutes

Players Stats for Avalanche

Player Name              G  A  P  +/- PIM S  H  SB GA TA FO     MP     PP MP  PK MP  
------------------------------------------------------------------------------------
Aleksander Barkov        0  1  1  -1  0   3  0  0  0  1  10/23  19:35   3:59   0:39 
Anthony Duclair          0  0  0  -1  0   1  0  0  0  0  0/0    13:27   0:58   0:42 
Braydon Coburn           0  0  0  -1  0   1  0  1  0  0  0/0    17:08   0:00   1:40 
Calvin de Haan           0  0  0  -1  0   1  0  0  0  0  0/0    19:03   4:16   0:00 
Cedric Paquette          0  0  0  -1  0   0  0  1  0  0  6/10   14:43   1:01   2:05 
Eric Fehr                0  0  0   0  0   2  1  0  0  0  0/0     9:31   0:40   1:14 
Jaccob Slavin            0  0  0  -2  0   5  3  3  0  2  0/0    22:47   4:16   1:40 
Johnny Gaudreau          0  1  1  -1  0   1  2  0  1  0  1/2    18:51   3:59   0:00 
Jujhar Khaira            0  0  0   0  0   2  0  0  0  0  0/0     8:24   0:00   1:11 
Mark Giordano            0  0  0  -1  0   2  3  1  0  0  0/0    23:49   3:53   2:18 
Mark Jankowski           0  0  0   0  0   1  0  0  0  0  2/4     9:26   0:00   2:05 
Mark Stone               0  0  0  -1  0   2  1  0  1  0  0/0    17:11   3:24   0:00 
Mattias Ekholm           0  0  0  -1  0   1  2  0  1  0  0/0    23:49   3:53   2:18 
Nick Seeler              0  0  0   0  0   0  2  1  0  1  0/0    13:24   0:00   0:00 
Nikita Kucherov          1  0  1  -1  2   1  1  3  3  1  1/1    19:00   3:59   0:00 
Pavel Buchnevich         0  0  0  -1  0   3  3  2  1  0  0/0    17:16   3:12   0:00 
Sean Couturier           0  0  0  -1  2   1  0  0  2  0  12/21  17:25   3:15   0:00 
Zack Kassian             0  0  0  -1  0   2  0  0  0  0  0/2    11:11   0:00   0:00 

Players Stats for Bruins

Player Name              G  A  P  +/- PIM S  H  SB GA TA FO     MP     PP MP  PK MP  
------------------------------------------------------------------------------------
Anthony Beauvillier      0  0  0   0  0   4  0  0  2  1  3/12   13:50   0:00   1:55 
Anthony Mantha           1  1  2   2  0   6  1  0  1  0  1/2    21:07   2:12   3:50 
Brady Tkachuk            1  0  1   1  2   4  2  0  0  0  1/1    17:45   1:46   2:14 
Cam Fowler               0  1  1   2  0   2  2  2  1  3  0/0    26:11   2:29   4:40 
Connor Murphy            0  0  0   2  4   0  2  2  0  1  0/0    24:28   2:29   2:04 
Conor Garland            0  0  0   0  0   2  0  0  0  0  0/2     7:07   0:00   0:00 
Jakob Chychrun           0  0  0   0  0   0  0  2  0  1  0/0    18:20   1:29   2:59 
Jason Pominville         0  0  0   0  0   3  0  0  0  0  0/0    11:16   0:00   0:00 
Joel Edmundson           0  0  0   0  0   0  1  2  0  0  0/0    19:09   1:29   3:48 
Marcus Kruger            0  0  0   0  0   0  0  0  0  0  3/3     7:07   0:00   0:00 
Maxime Comtois           0  0  0   0  0   2  3  0  0  0  0/0     7:07   0:00   0:00 
Micheal Ferland          0  0  0   2  4   0  1  0  0  0  2/4    18:49   2:12   1:07 
Nolan Patrick            0  0  0   1  0   1  0  2  0  1  6/10   16:39   1:46   1:24 
Ondrej Palat             0  1  1   1  0   3  3  1  1  0  0/0    15:06   1:46   0:00 
Pat Maroon               0  0  0   0  0   0  1  0  0  0  0/1    13:52   0:00   1:57 
Sean Monahan             1  1  2   2  0   3  3  1  0  0  15/28  21:08   2:12   3:51 
Xavier Ouellet           0  0  0   1  0   0  0  0  0  2  0/0    17:16   0:00   2:17 
Zach Redmond             0  0  0   1  0   1  2  0  0  0  0/0    15:29   0:00   0:30 

3 Stars

1 - Sean Monahan (BOS)
2 - Anthony Mantha (BOS)
3 - Juuse Saros (BOS)

Power Play

Avalanche - 1 on 6 Attempt(s) - 16,67%
Bruins - 0 on 1 Attempt(s) - 0,00%

Penalty Kill

Avalanche - 1 on 1 Attempt(s) - 100,00% - Score 0 goal in Penalty Kill
Bruins - 5 on 6 Attempt(s) - 83,33% - Score 0 goal in Penalty Kill

Team Stat

Avalanche - Hits : 18 - Faceoff Wins : 32 - Blocked Shots : 12 - Penalty Minutes : 4
Bruins - Hits : 21 - Faceoff Wins : 31 - Blocked Shots : 12 - Penalty Minutes : 10

Official

Referees : Kendrick Nicholson and Trevor Hanson
Linesman : Steve Barton and Devin Berg

Game Notes

6:58 of 2nd period - Penalty Shot by Connor Murphy for Bruins - Stopped by Henrik Lundqvist

Finance

Level 1 -- Attendance: 4825 (80,42%) -- Ticket Income 482 500 $
Level 2 -- Attendance: 4753 (95,06%) -- Ticket Income 285 180 $
Level 3 -- Attendance: 2000 (100,00%) -- Ticket Income 70 000 $
Level 4 -- Attendance: 4000 (100,00%) -- Ticket Income 80 000 $
Luxury Box -- Attendance: 778 (77,80%) -- Ticket Income 155 600 $
Game was played at the Boston Garden.
Total Attendance: 16356 (90,87%)
Total Ticket Income: 1 073 280 $
Other Income: 525 907 $
Total Income: 1 599 187 $

Avalanche

5 vs 5 Forward 
   Center                   Left Wing                Right Wing               Time % Phy DF OF 
 1 Aleksander Barkov        Johnny Gaudreau          Nikita Kucherov          33     0   2  3  
 2 Sean Couturier           Pavel Buchnevich         Mark Stone               32     0   2  3  
 3 Cedric Paquette          Anthony Duclair          Zack Kassian             27     0   2  3  
 4 Mark Jankowski           Jujhar Khaira            Eric Fehr                8      0   3  2  

5 vs 5 Defense 
   Defense                  Defense                                           Time % Phy DF OF 
 1 Mark Giordano            Mattias Ekholm                                    36     1   2  2  
 2 Jaccob Slavin            Braydon Coburn                                    34     0   3  2  
 3 Calvin de Haan           Nick Seeler                                       22     0   3  2  
 4 Calvin de Haan           Jaccob Slavin                                     8      0   3  2  

PowerPlay Forward 
   Center                   Left Wing                Right Wing               Time % Phy DF OF 
 1 Aleksander Barkov        Johnny Gaudreau          Nikita Kucherov          55     0   2  3  
 2 Sean Couturier           Pavel Buchnevich         Mark Stone               45     0   2  3  

PowerPlay Defense
   Defense                  Defense                                           Time % Phy DF OF 
 1 Mark Giordano            Mattias Ekholm                                    55     0   3  2  
 2 Jaccob Slavin            Calvin de Haan                                    45     0   3  2  

Penalty Kill 4 Players Forward 
   Center                   Wing                     Time % Phy DF OF 
 1 Cedric Paquette          Mark Jankowski           60     0   3  2  
 2 Eric Fehr                Jujhar Khaira            40     0   3  2  

Penalty Kill 4 Players Defense
   Defense                  Defense                  Time % Phy DF OF 
 1 Mark Giordano            Mattias Ekholm           60     0   3  2  
 2 Jaccob Slavin            Braydon Coburn           40     0   3  2  

Penalty Kill - 3 Players Forward 
   Forward                                           Time % Phy DF OF 
 1 Cedric Paquette                                   60     0   4  1  
 2 Eric Fehr                                         40     0   4  1  

Penalty Kill - 3 Players Defense
   Defense                  Defense                  Time % Phy DF OF 
 1 Mark Giordano            Mattias Ekholm           60     0   4  1  
 2 Jaccob Slavin            Braydon Coburn           40     0   4  1  

4 vs 4 Forward 
   Center                   Wing                     Time % Phy DF OF 
 1 Aleksander Barkov        Anthony Duclair          55     0   2  3  
 2 Sean Couturier           Zack Kassian             45     0   2  3  

4 vs 4 Defense
   Defense                  Defense                  Time % Phy DF OF 
 1 Mark Giordano            Mattias Ekholm           55     0   3  2  
 2 Jaccob Slavin            Braydon Coburn           45     0   3  2  

Last Minutes Offensive
   Center                   Left Wing                Right Wing               Defense                  Defense                  
   Aleksander Barkov        Johnny Gaudreau          Nikita Kucherov          Mark Giordano            Mattias Ekholm           

Last Minutes Defensive
   Center                   Left Wing                Right Wing               Defense                  Defense                  
   Cedric Paquette          Mark Jankowski           Eric Fehr                Jaccob Slavin            Calvin de Haan           

Goaltenders
Starting : Henrik Lundqvist         
Backup : Brian Elliott            

Extra Forwards
Normal : Mark Stone, Johnny Gaudreau, Nikita Kucherov - PP : Pavel Buchnevich, Cedric Paquette - PK : Eric Fehr
Extra Defensemen
Normal : Calvin de Haan, Nick Seeler, Jaccob Slavin - PP : Calvin de Haan - PK : Nick Seeler, Jaccob Slavin
Penalty Shots
Aleksander Barkov, Braydon Coburn, Mark Giordano, Calvin de Haan, Nikita Kucherov
Custom OT Lines Forwards
Aleksander Barkov, Nikita Kucherov, Sean Couturier, Mark Stone, Cedric Paquette, Johnny Gaudreau, Mark Jankowski, Pavel Buchnevich, Zack Kassian, Anthony Duclair
Custom OT Lines Defensemen
Mark Giordano, Mattias Ekholm, Jaccob Slavin, Braydon Coburn, Calvin de Haan

Scratches
Robert Bortuzzo (Herniated Disc Injury), Michael Hutchinson (Healthy)

Bruins

5 vs 5 Forward 
   Center                   Left Wing                Right Wing               Time % Phy DF OF 
 1 Sean Monahan             Anthony Mantha           Micheal Ferland          35     0   0  5  
 2 Nolan Patrick            Brady Tkachuk            Ondrej Palat             30     1   2  2  
 3 Anthony Beauvillier      Pat Maroon               Jason Pominville         25     1   2  2  
 4 Marcus Kruger            Maxime Comtois           Conor Garland            10     1   2  2  

5 vs 5 Defense 
   Defense                  Defense                                           Time % Phy DF OF 
 1 Cam Fowler               Connor Murphy                                     40     1   2  2  
 2 Joel Edmundson           Jakob Chychrun                                    30     1   2  2  
 3 Zach Redmond             Xavier Ouellet                                    30     1   2  2  
 4 Cam Fowler               Connor Murphy                                     0      1   2  2  

PowerPlay Forward 
   Center                   Left Wing                Right Wing               Time % Phy DF OF 
 1 Sean Monahan             Anthony Mantha           Micheal Ferland          60     1   2  2  
 2 Brady Tkachuk            Ondrej Palat             Nolan Patrick            40     1   2  2  

PowerPlay Defense
   Defense                  Defense                                           Time % Phy DF OF 
 1 Cam Fowler               Connor Murphy                                     60     1   2  2  
 2 Joel Edmundson           Jakob Chychrun                                    40     1   2  2  

Penalty Kill 4 Players Forward 
   Center                   Wing                     Time % Phy DF OF 
 1 Sean Monahan             Anthony Mantha           60     1   2  2  
 2 Micheal Ferland          Brady Tkachuk            40     1   2  2  

Penalty Kill 4 Players Defense
   Defense                  Defense                  Time % Phy DF OF 
 1 Cam Fowler               Connor Murphy            60     1   2  2  
 2 Joel Edmundson           Jakob Chychrun           40     1   2  2  

Penalty Kill - 3 Players Forward 
   Forward                                           Time % Phy DF OF 
 1 Sean Monahan                                      60     1   2  2  
 2 Anthony Mantha                                    40     1   2  2  

Penalty Kill - 3 Players Defense
   Defense                  Defense                  Time % Phy DF OF 
 1 Cam Fowler               Connor Murphy            60     1   2  2  
 2 Joel Edmundson           Jakob Chychrun           40     1   2  2  

4 vs 4 Forward 
   Center                   Wing                     Time % Phy DF OF 
 1 Sean Monahan             Anthony Mantha           60     1   2  2  
 2 Micheal Ferland          Brady Tkachuk            40     1   2  2  

4 vs 4 Defense
   Defense                  Defense                  Time % Phy DF OF 
 1 Cam Fowler               Connor Murphy            60     1   2  2  
 2 Joel Edmundson           Jakob Chychrun           40     1   2  2  

Last Minutes Offensive
   Center                   Left Wing                Right Wing               Defense                  Defense                  
   Sean Monahan             Anthony Mantha           Micheal Ferland          Cam Fowler               Connor Murphy            

Last Minutes Defensive
   Center                   Left Wing                Right Wing               Defense                  Defense                  
   Sean Monahan             Anthony Mantha           Micheal Ferland          Cam Fowler               Connor Murphy            

Goaltenders
Starting : Juuse Saros              
Backup : Cam Talbot               

Extra Forwards
Normal : Maxime Comtois, Anthony Beauvillier, Pat Maroon - PP : Maxime Comtois, Anthony Beauvillier - PK : Pat Maroon
Extra Defensemen
Normal : Zach Redmond, Xavier Ouellet, Joel Edmundson - PP : Zach Redmond - PK : Xavier Ouellet, Joel Edmundson
Penalty Shots
Sean Monahan, Anthony Mantha, Micheal Ferland, Brady Tkachuk, Ondrej Palat
Custom OT Lines Forwards
Sean Monahan, Anthony Mantha, Micheal Ferland, Brady Tkachuk, Ondrej Palat, Nolan Patrick, Anthony Beauvillier, Pat Maroon, Jason Pominville, Marcus Kruger
Custom OT Lines Defensemen
Cam Fowler, Connor Murphy, Joel Edmundson, Jakob Chychrun, Zach Redmond

Scratches
Derick Brassard (Healthy), Zack Mitchell (Healthy), Justin Falk (Healthy), Ryan Kesler (Suspend), Ryan Bourque (Healthy)
Keith Kinkaid (Healthy)

% Time on Ice - Avalanche

Lines # - Real PCT - Wanted PCT - Time Play
Normal Forward
1 - 32% - 33% - 15:26
2 - 29% - 32% - 14:03
3 - 23% - 27% - 11:11
4 - 15% - 8% - 7:13
Normal Defense
1 - 37% - 36% - 17:38
2 - 34% - 34% - 16:15
3 - 24% - 22% - 11:38
4 - 5% - 8% - 2:22
PP Forward
1 - 51% - 55% - 4:11
2 - 49% - 45% - 3:58
PP Defense
1 - 48% - 55% - 3:53
2 - 52% - 45% - 4:16
PK Forward
1 - 70% - 60% - 2:47
2 - 30% - 40% - 1:11
PK Defense
1 - 58% - 60% - 2:18
2 - 42% - 40% - 1:40
PK3 Forward
1 - 0% - 60%
2 - 0% - 40%
PK3 Defense
1 - 0% - 60%
2 - 0% - 40%
44 Forward
1 - 0% - 55%
2 - 0% - 45%
44 Defense
1 - 0% - 55%
2 - 0% - 45%
Last Minute Offensive  - 0:00
Last Minute Defensive  - 0:00
Total
Forward - 60:00
Defense - 60:00

% Time on Ice - Bruins

Lines # - Real PCT - Wanted PCT - Time Play
Normal Forward
1 - 33% - 35% - 15:44
2 - 29% - 30% - 13:46
3 - 24% - 25% - 11:16
4 - 15% - 10% - 7:07
Normal Defense
1 - 40% - 40% - 19:19
2 - 28% - 30% - 13:35
3 - 31% - 30% - 14:59
4 - 0% - 0% - 0:00
PP Forward
1 - 55% - 60% - 2:12
2 - 45% - 40% - 1:46
PP Defense
1 - 63% - 60% - 2:29
2 - 37% - 40% - 1:29
PK Forward
1 - 73% - 60% - 5:55
2 - 27% - 40% - 2:14
PK Defense
1 - 60% - 60% - 4:54
2 - 40% - 40% - 3:15
PK3 Forward
1 - 0% - 60%
2 - 0% - 40%
PK3 Defense
1 - 0% - 60%
2 - 0% - 40%
44 Forward
1 - 0% - 60%
2 - 0% - 40%
44 Defense
1 - 0% - 60%
2 - 0% - 40%
Last Minute Offensive  - 0:00
Last Minute Defensive  - 0:00
Total
Forward - 60:00
Defense - 60:00

Play-by-Play

1st period


0:01 of 1st period - Aleksander Barkov wins face-off versus Sean Monahan in neutral zone.
0:06 of 1st period - Wrist shot by Johnny Gaudreau.
0:06 of 1st period - Shot Hit the Post.
0:08 of 1st period - Slapshot by Mattias Ekholm.
0:08 of 1st period - Deflect By Aleksander Barkov.
0:08 of 1st period - Shot Blocked by Connor Murphy.
0:08 of 1st period - Puck is out of play.
0:09 of 1st period - Sean Monahan wins face-off versus Aleksander Barkov in Bruins zone.
0:38 of 1st period - Snap shot by Johnny Gaudreau.
0:38 of 1st period - Stopped by Juuse Saros with a rebound.
0:42 of 1st period - Wrist shot by Johnny Gaudreau.
0:42 of 1st period - Deflect By Nikita Kucherov.
0:42 of 1st period - Shot Misses the Net.
0:42 of 1st period - Puck is out of play.
0:43 of 1st period - Nolan Patrick wins face-off versus Sean Couturier in Bruins zone.
0:43 of 1st period - Nolan Patrick is hit by Pavel Buchnevich.
0:50 of 1st period - Off-side.
0:51 of 1st period - Nolan Patrick wins face-off versus Sean Couturier in neutral zone.
1:07 of 1st period - Minor Penalty to Sean Couturier for Hooking.
1:08 of 1st period - Cedric Paquette wins face-off versus Sean Monahan in Avalanche zone.
1:16 of 1st period - Cedric Paquette is hit by Connor Murphy and loses puck.
3:07 of 1st period - Penalty to Sean Couturier is over, Sean Couturier is back on ice.
3:23 of 1st period - Icing by Nick Seeler.
3:24 of 1st period - Sean Couturier wins face-off versus Anthony Beauvillier in Avalanche zone.
4:28 of 1st period - Slapshot by Anthony Beauvillier.
4:28 of 1st period - Stopped by Henrik Lundqvist with a rebound.
4:46 of 1st period - Slapshot by Brady Tkachuk.
4:46 of 1st period - Stopped by Henrik Lundqvist without a rebound.
4:47 of 1st period - Cedric Paquette wins face-off versus Nolan Patrick in Avalanche zone.
4:54 of 1st period - Snap shot by Anthony Duclair.
4:54 of 1st period - Shot Misses the Net.
4:56 of 1st period - Wrist shot by Jaccob Slavin.
4:56 of 1st period - Stopped by Juuse Saros with a rebound.
4:58 of 1st period - Slapshot by Jaccob Slavin.
4:58 of 1st period - Stopped by Juuse Saros without a rebound.
4:59 of 1st period - Sean Monahan wins face-off versus Zack Kassian in Bruins zone.
4:59 of 1st period - Sean Monahan is hit by Mattias Ekholm.
5:25 of 1st period - Zach Redmond is hit by Mark Giordano.
5:35 of 1st period - Wrist shot by Mark Stone.
5:35 of 1st period - Shot Blocked by Nolan Patrick.
5:45 of 1st period - Eric Fehr is hit by Zach Redmond.
6:10 of 1st period - Minor Penalty to Connor Murphy for Holding.
6:11 of 1st period - Sean Monahan wins face-off versus Aleksander Barkov in Bruins zone.
6:45 of 1st period - Backhand shot by Pavel Buchnevich.
6:45 of 1st period - Stopped by Juuse Saros with a rebound.
6:47 of 1st period - Slapshot by Mark Giordano.
6:47 of 1st period - Stopped by Juuse Saros without a rebound.
6:48 of 1st period - Sean Couturier wins face-off versus Micheal Ferland in Bruins zone.
7:14 of 1st period - Sean Monahan is hit by Mark Stone.
8:10 of 1st period - Penalty to Connor Murphy is over, Connor Murphy is back on ice.
8:14 of 1st period - Snap shot by Pat Maroon.
8:14 of 1st period - Shot Blocked by Jaccob Slavin.
8:48 of 1st period - Wrist shot by Aleksander Barkov.
8:48 of 1st period - Stopped by Juuse Saros without a rebound.
8:49 of 1st period - Cedric Paquette wins face-off versus Nolan Patrick in Bruins zone.
8:56 of 1st period - Wrist shot by Anthony Duclair.
8:56 of 1st period - Shot Misses the Net.
9:23 of 1st period - Snap shot by Mark Stone.
9:23 of 1st period - Shot Blocked by Connor Murphy.
9:25 of 1st period - Backhand shot by Pavel Buchnevich.
9:25 of 1st period - Shot Misses the Net.
9:35 of 1st period - Mattias Ekholm is hit by Maxime Comtois and loses puck.
9:44 of 1st period - Slapshot by Conor Garland.
9:44 of 1st period - Stopped by Henrik Lundqvist with a rebound.
10:02 of 1st period - Wrist shot by Brady Tkachuk.
10:02 of 1st period - Stopped by Henrik Lundqvist without a rebound.
10:03 of 1st period - Cedric Paquette wins face-off versus Anthony Beauvillier in Avalanche zone.
10:33 of 1st period - Snap shot by Brady Tkachuk.
10:33 of 1st period - Shot Blocked by Jaccob Slavin.
12:00 of 1st period - Snap shot by Ondrej Palat.
12:00 of 1st period - Shot Misses the Net.
12:30 of 1st period - Snap shot by Aleksander Barkov.
12:30 of 1st period - Shot Blocked by Jakob Chychrun.
12:32 of 1st period - Wrist shot by Mark Giordano.
12:32 of 1st period - Deflect By Aleksander Barkov.
12:32 of 1st period - Shot Blocked by Ondrej Palat.
12:32 of 1st period - Puck is out of play.
12:33 of 1st period - Aleksander Barkov wins face-off versus Sean Monahan in Bruins zone.
12:56 of 1st period - Sean Monahan is hit by Jaccob Slavin and loses puck.
13:23 of 1st period - Wrist shot by Mark Stone.
13:23 of 1st period - Stopped by Juuse Saros without a rebound.
13:24 of 1st period - Sean Couturier wins face-off versus Anthony Beauvillier in Bruins zone.
13:34 of 1st period - Wrist shot by Sean Couturier.
13:34 of 1st period - Stopped by Juuse Saros with a rebound.
13:36 of 1st period - Snap shot by Pavel Buchnevich.
13:36 of 1st period - Stopped by Juuse Saros without a rebound.
13:37 of 1st period - Sean Couturier wins face-off versus Anthony Beauvillier in Bruins zone.
13:40 of 1st period - Slapshot by Sean Couturier.
13:40 of 1st period - Shot Misses the Net.
13:42 of 1st period - Slapshot by Mark Giordano.
13:42 of 1st period - Shot Blocked by Cam Fowler.
13:44 of 1st period - Slapshot by Mattias Ekholm.
13:44 of 1st period - Shot Misses the Net.
13:46 of 1st period - Wrist shot by Mark Stone.
13:46 of 1st period - Deflect By Sean Couturier.
13:46 of 1st period - Shot Blocked by Cam Fowler.
13:46 of 1st period - Puck is out of play.
13:47 of 1st period - Anthony Beauvillier wins face-off versus Sean Couturier in Bruins zone.
13:47 of 1st period - Anthony Beauvillier is hit by Mattias Ekholm.
14:09 of 1st period - Snap shot by Sean Couturier.
14:09 of 1st period - Shot Misses the Net.
14:11 of 1st period - Slapshot by Mattias Ekholm.
14:11 of 1st period - Stopped by Juuse Saros with a rebound.
14:13 of 1st period - Snap shot by Pavel Buchnevich.
14:13 of 1st period - Deflect By Cam Fowler.
14:13 of 1st period - Shot Misses the Net.
14:13 of 1st period - Puck is out of play.
14:14 of 1st period - Sean Monahan wins face-off versus Aleksander Barkov in Bruins zone.
14:44 of 1st period - Slapshot by Anthony Duclair.
14:44 of 1st period - Deflect By Jakob Chychrun.
14:44 of 1st period - Stopped by Juuse Saros with a rebound.
14:46 of 1st period - Slapshot by Jaccob Slavin.
14:46 of 1st period - Stopped by Juuse Saros with a rebound.
14:48 of 1st period - Backhand shot by Jaccob Slavin.
14:48 of 1st period - Shot Blocked by Nolan Patrick.
14:50 of 1st period - Wrist shot by Anthony Duclair.
14:50 of 1st period - Shot Misses the Net.
15:08 of 1st period - Snap shot by Mattias Ekholm.
15:08 of 1st period - Shot Blocked by Joel Edmundson.
16:46 of 1st period - Snap shot by Jason Pominville.
16:46 of 1st period - Shot Misses the Net.
16:48 of 1st period - Slapshot by Cam Fowler.
16:48 of 1st period - Deflect By Anthony Beauvillier.
16:48 of 1st period - Shot Misses the Net.
16:48 of 1st period - Puck is out of play.
16:49 of 1st period - Sean Couturier wins face-off versus Anthony Beauvillier in Avalanche zone.
16:54 of 1st period - Snap shot by Anthony Beauvillier.
16:54 of 1st period - Deflect By Jason Pominville.
16:54 of 1st period - Stopped by Henrik Lundqvist with a rebound.
16:56 of 1st period - Slapshot by Zach Redmond.
16:56 of 1st period - Stopped by Henrik Lundqvist without a rebound.
16:57 of 1st period - Aleksander Barkov wins face-off versus Sean Monahan in Avalanche zone.
18:06 of 1st period - Marcus Kruger is hit by Mark Giordano and loses puck.
18:17 of 1st period - Mark Jankowski is hit by Maxime Comtois and loses puck.
18:28 of 1st period - Sean Monahan is hit by Johnny Gaudreau and loses puck.
18:35 of 1st period - Micheal Ferland is hit by Nikita Kucherov.
18:39 of 1st period - Aleksander Barkov is hit by Sean Monahan and loses puck.
19:20 of 1st period - Wrist shot by Brady Tkachuk.
19:20 of 1st period - Deflect By Nolan Patrick.
19:20 of 1st period - Shot Hit the Post.
19:20 of 1st period - Puck is out of play.
19:21 of 1st period - Aleksander Barkov wins face-off versus Nolan Patrick in Avalanche zone.
19:21 of 1st period - Aleksander Barkov is hit by Connor Murphy.
19:45 of 1st period - Minor Penalty to Brady Tkachuk for Roughing.
19:46 of 1st period - Sean Monahan wins face-off versus Aleksander Barkov in Bruins zone.
19:57 of 1st period - Wrist shot by Nikita Kucherov.
19:57 of 1st period - Goal by Nikita Kucherov - Avalanche : 1 - Bruins : 0.
19:58 of 1st period - Sean Monahan wins face-off versus Aleksander Barkov in neutral zone.
Goals for this period are 1 for Avalanche vs 0 for Bruins.
Shots for this period are 13 for Avalanche vs 6 for Bruins.

2nd period


0:01 of 2nd period - Aleksander Barkov wins face-off versus Micheal Ferland in neutral zone.
0:25 of 2nd period - Pavel Buchnevich is hit by Ondrej Palat and loses puck.
0:32 of 2nd period - Slapshot by Jaccob Slavin.
0:32 of 2nd period - Stopped by Juuse Saros with a rebound.
0:50 of 2nd period - Slapshot by Mark Giordano.
0:50 of 2nd period - Shot Misses the Net.
0:54 of 2nd period - Wrist shot by Anthony Duclair.
0:54 of 2nd period - Shot Misses the Net.
0:56 of 2nd period - Slapshot by Calvin de Haan.
0:56 of 2nd period - Deflect By Anthony Beauvillier.
0:56 of 2nd period - Stopped by Juuse Saros with a rebound.
0:58 of 2nd period - Wrist shot by Zack Kassian.
0:58 of 2nd period - Stopped by Juuse Saros without a rebound.
0:59 of 2nd period - Micheal Ferland wins face-off versus Aleksander Barkov in Bruins zone.
2:18 of 2nd period - Eric Fehr is hit by Pat Maroon and loses puck.
3:00 of 2nd period - Slapshot by Mark Stone.
3:00 of 2nd period - Shot Blocked by Jakob Chychrun.
3:53 of 2nd period - Aleksander Barkov is hit by Sean Monahan and loses puck.
4:00 of 2nd period - Snap shot by Sean Monahan.
4:00 of 2nd period - Goal by Sean Monahan - Avalanche : 1 - Bruins : 1.
4:01 of 2nd period - Sean Monahan wins face-off versus Sean Couturier in neutral zone.
4:06 of 2nd period - Slapshot by Anthony Mantha.
4:06 of 2nd period - Stopped by Henrik Lundqvist with a rebound.
4:13 of 2nd period - Minor Penalty to Connor Murphy for Diving.
4:14 of 2nd period - Aleksander Barkov wins face-off versus Sean Monahan in Bruins zone.
6:13 of 2nd period - Penalty to Connor Murphy is over, Connor Murphy is back on ice.
6:29 of 2nd period - Snap shot by Mark Jankowski.
6:29 of 2nd period - Stopped by Juuse Saros without a rebound.
6:30 of 2nd period - Mark Jankowski wins face-off versus Conor Garland in Bruins zone.
6:49 of 2nd period - Slapshot by Eric Fehr.
6:49 of 2nd period - Stopped by Juuse Saros without a rebound.
6:50 of 2nd period - Cedric Paquette wins face-off versus Sean Monahan in Bruins zone.
6:58 of 2nd period - Penalty Shot by Connor Murphy for Bruins.
6:58 of 2nd period - Wrist shot by Connor Murphy.
6:58 of 2nd period - Stopped by Henrik Lundqvist.
6:59 of 2nd period - Sean Monahan wins face-off versus Aleksander Barkov in Bruins zone.
7:29 of 2nd period - Ondrej Palat is hit by Pavel Buchnevich and loses puck.
7:40 of 2nd period - Jakob Chychrun is hit by Pavel Buchnevich and loses puck.
8:01 of 2nd period - Wrist shot by Jason Pominville.
8:01 of 2nd period - Stopped by Henrik Lundqvist without a rebound.
8:02 of 2nd period - Aleksander Barkov wins face-off versus Sean Monahan in Avalanche zone.
8:02 of 2nd period - Johnny Gaudreau is hit by Micheal Ferland and loses puck.
8:35 of 2nd period - Snap shot by Brady Tkachuk.
8:35 of 2nd period - Goal by Brady Tkachuk - Avalanche : 1 - Bruins : 2.
8:36 of 2nd period - Sean Monahan wins face-off versus Zack Kassian in neutral zone.
9:25 of 2nd period - Icing by Braydon Coburn.
9:26 of 2nd period - Marcus Kruger wins face-off versus Sean Couturier in Avalanche zone.
9:27 of 2nd period - Wrist shot by Maxime Comtois.
9:27 of 2nd period - Shot Misses the Net.
9:45 of 2nd period - Mark Stone is hit by Zach Redmond.
9:49 of 2nd period - Marcus Kruger is hit by Jaccob Slavin and loses puck.
10:02 of 2nd period - Wrist shot by Mark Stone.
10:02 of 2nd period - Stopped by Juuse Saros without a rebound.
10:03 of 2nd period - Aleksander Barkov wins face-off versus Anthony Mantha in Bruins zone.
10:19 of 2nd period - Snap shot by Sean Monahan.
10:19 of 2nd period - Stopped by Henrik Lundqvist with a rebound.
10:56 of 2nd period - Jujhar Khaira is hit by Brady Tkachuk and loses puck.
11:11 of 2nd period - Marcus Kruger is hit by Nick Seeler and loses puck.
11:34 of 2nd period - Slapshot by Anthony Mantha.
11:34 of 2nd period - Shot Blocked by Cedric Paquette.
11:36 of 2nd period - Snap shot by Sean Monahan.
11:36 of 2nd period - Stopped by Henrik Lundqvist with a rebound.
11:38 of 2nd period - Slapshot by Anthony Mantha.
11:38 of 2nd period - Goal by Anthony Mantha - Avalanche : 1 - Bruins : 3.
11:39 of 2nd period - Sean Monahan wins face-off versus Aleksander Barkov in neutral zone.
11:51 of 2nd period - Wrist shot by Anthony Mantha.
11:51 of 2nd period - Shot Misses the Net.
11:53 of 2nd period - Wrist shot by Anthony Mantha.
11:53 of 2nd period - Stopped by Henrik Lundqvist with a rebound.
11:55 of 2nd period - Snap shot by Anthony Mantha.
11:55 of 2nd period - Stopped by Henrik Lundqvist with a rebound.
12:29 of 2nd period - Pavel Buchnevich is hit by Brady Tkachuk and loses puck.
12:47 of 2nd period - Off-side.
12:48 of 2nd period - Marcus Kruger wins face-off versus Mark Jankowski in neutral zone.
12:51 of 2nd period - Slapshot by Conor Garland.
12:51 of 2nd period - Shot Blocked by Jaccob Slavin.
12:53 of 2nd period - Slapshot by Connor Murphy.
12:53 of 2nd period - Shot Blocked by Braydon Coburn.
12:55 of 2nd period - Snap shot by Conor Garland.
12:55 of 2nd period - Stopped by Henrik Lundqvist with a rebound.
12:59 of 2nd period - Slapshot by Cam Fowler.
12:59 of 2nd period - Stopped by Henrik Lundqvist without a rebound.
13:00 of 2nd period - Sean Monahan wins face-off versus Aleksander Barkov in Avalanche zone.
13:06 of 2nd period - Minor Penalty to Nikita Kucherov for Holding.
13:07 of 2nd period - Micheal Ferland wins face-off versus Cedric Paquette in Avalanche zone.
13:39 of 2nd period - Slapshot by Connor Murphy.
13:39 of 2nd period - Deflect By Ondrej Palat.
13:39 of 2nd period - Stopped by Henrik Lundqvist without a rebound.
13:40 of 2nd period - Brady Tkachuk wins face-off versus Mark Jankowski in Avalanche zone.
15:06 of 2nd period - Penalty to Nikita Kucherov is over, Nikita Kucherov is back on ice.
15:31 of 2nd period - Snap shot by Mark Stone.
15:31 of 2nd period - Shot Misses the Net.
15:43 of 2nd period - Wrist shot by Maxime Comtois.
15:43 of 2nd period - Shot Misses the Net.
16:05 of 2nd period - Braydon Coburn is hit by Ondrej Palat and loses puck.
17:58 of 2nd period - Xavier Ouellet is hit by Nick Seeler.
18:34 of 2nd period - Wrist shot by Brady Tkachuk.
18:34 of 2nd period - Stopped by Henrik Lundqvist without a rebound.
18:35 of 2nd period - Sean Monahan wins face-off versus Sean Couturier in Avalanche zone.
18:42 of 2nd period - Snap shot by Sean Monahan.
18:42 of 2nd period - Shot Blocked by Pavel Buchnevich.
18:50 of 2nd period - Slapshot by Sean Monahan.
18:50 of 2nd period - Shot Blocked by Pavel Buchnevich.
19:25 of 2nd period - Cedric Paquette is hit by Maxime Comtois and loses puck.
19:49 of 2nd period - Sean Monahan is hit by Eric Fehr and loses puck.
Goals for this period are 0 for Avalanche vs 3 for Bruins.
Shots for this period are 6 for Avalanche vs 13 for Bruins.

3rd period


0:01 of 3rd period - Sean Monahan wins face-off versus Aleksander Barkov in neutral zone.
0:35 of 3rd period - Slapshot by Mark Giordano.
0:35 of 3rd period - Deflect By Anthony Duclair.
0:35 of 3rd period - Shot Misses the Net.
0:35 of 3rd period - Puck is out of play.
0:36 of 3rd period - Sean Couturier wins face-off versus Pat Maroon in Bruins zone.
0:42 of 3rd period - Off-side.
0:43 of 3rd period - Sean Couturier wins face-off versus Anthony Beauvillier in neutral zone.
2:16 of 3rd period - Snap shot by Anthony Beauvillier.
2:16 of 3rd period - Deflect By Sean Couturier.
2:16 of 3rd period - Shot Misses the Net.
2:16 of 3rd period - Puck is out of play.
2:17 of 3rd period - Anthony Beauvillier wins face-off versus Johnny Gaudreau in Avalanche zone.
2:20 of 3rd period - Snap shot by Jason Pominville.
2:20 of 3rd period - Stopped by Henrik Lundqvist without a rebound.
2:21 of 3rd period - Johnny Gaudreau wins face-off versus Sean Monahan in Avalanche zone.
3:17 of 3rd period - Snap shot by Ondrej Palat.
3:17 of 3rd period - Shot Misses the Net.
3:37 of 3rd period - Wrist shot by Anthony Duclair.
3:37 of 3rd period - Shot Misses the Net.
3:39 of 3rd period - Snap shot by Braydon Coburn.
3:39 of 3rd period - Stopped by Juuse Saros without a rebound.
3:40 of 3rd period - Sean Couturier wins face-off versus Sean Monahan in Bruins zone.
3:47 of 3rd period - Snap shot by Sean Couturier.
3:47 of 3rd period - Shot Misses the Net.
3:49 of 3rd period - Slapshot by Mattias Ekholm.
3:49 of 3rd period - Shot Blocked by Sean Monahan.
3:51 of 3rd period - Wrist shot by Mark Stone.
3:51 of 3rd period - Shot Misses the Net.
3:53 of 3rd period - Wrist shot by Mark Giordano.
3:53 of 3rd period - Deflect By Sean Monahan.
3:53 of 3rd period - Stopped by Juuse Saros with a rebound.
4:30 of 3rd period - Snap shot by Cam Fowler.
4:30 of 3rd period - Shot Misses the Net.
4:38 of 3rd period - Snap shot by Anthony Beauvillier.
4:38 of 3rd period - Stopped by Henrik Lundqvist with a rebound.
4:40 of 3rd period - Snap shot by Cam Fowler.
4:40 of 3rd period - Stopped by Henrik Lundqvist without a rebound.
4:41 of 3rd period - Marcus Kruger wins face-off versus Sean Couturier in Avalanche zone.
4:42 of 3rd period - Slapshot by Conor Garland.
4:42 of 3rd period - Deflect By Maxime Comtois.
4:42 of 3rd period - Stopped by Henrik Lundqvist without a rebound.
4:43 of 3rd period - Sean Couturier wins face-off versus Conor Garland in Avalanche zone.
5:16 of 3rd period - Slapshot by Anthony Beauvillier.
5:16 of 3rd period - Shot Blocked by Nikita Kucherov.
5:18 of 3rd period - Slapshot by Jason Pominville.
5:18 of 3rd period - Shot Blocked by Nikita Kucherov.
5:20 of 3rd period - Snap shot by Anthony Beauvillier.
5:20 of 3rd period - Shot Blocked by Nick Seeler.
5:49 of 3rd period - Nick Seeler is hit by Ondrej Palat and loses puck.
5:59 of 3rd period - Off-side.
6:00 of 3rd period - Sean Couturier wins face-off versus Sean Monahan in neutral zone.
6:50 of 3rd period - Snap shot by Aleksander Barkov.
6:50 of 3rd period - Stopped by Juuse Saros with a rebound.
7:08 of 3rd period - Cam Fowler is hit by Mark Giordano and loses puck.
7:35 of 3rd period - Mark Jankowski is hit by Joel Edmundson and loses puck.
7:56 of 3rd period - Wrist shot by Anthony Beauvillier.
7:56 of 3rd period - Shot Blocked by Nikita Kucherov.
7:58 of 3rd period - Snap shot by Pat Maroon.
7:58 of 3rd period - Shot Misses the Net.
8:08 of 3rd period - Ondrej Palat is hit by Jaccob Slavin and loses puck.
8:17 of 3rd period - Snap shot by Zack Kassian.
8:17 of 3rd period - Shot Misses the Net.
9:00 of 3rd period - Slapshot by Pavel Buchnevich.
9:00 of 3rd period - Stopped by Juuse Saros with a rebound.
9:08 of 3rd period - Pavel Buchnevich is hit by Sean Monahan and loses puck.
9:13 of 3rd period - Snap shot by Anthony Mantha.
9:13 of 3rd period - Stopped by Henrik Lundqvist without a rebound.
9:14 of 3rd period - Sean Monahan wins face-off versus Aleksander Barkov in Avalanche zone.
9:25 of 3rd period - Wrist shot by Sean Monahan.
9:25 of 3rd period - Shot Misses the Net.
9:37 of 3rd period - Snap shot by Sean Monahan.
9:37 of 3rd period - Shot Misses the Net.
9:39 of 3rd period - Snap shot by Anthony Mantha.
9:39 of 3rd period - Stopped by Henrik Lundqvist without a rebound.
9:40 of 3rd period - Nolan Patrick wins face-off versus Cedric Paquette in Avalanche zone.
9:45 of 3rd period - Wrist shot by Ondrej Palat.
9:45 of 3rd period - Stopped by Henrik Lundqvist without a rebound.
9:46 of 3rd period - Nolan Patrick wins face-off versus Cedric Paquette in Avalanche zone.
9:49 of 3rd period - Backhand shot by Ondrej Palat.
9:49 of 3rd period - Stopped by Henrik Lundqvist without a rebound.
9:50 of 3rd period - Cedric Paquette wins face-off versus Nolan Patrick in Avalanche zone.
10:02 of 3rd period - Icing by Connor Murphy.
10:03 of 3rd period - Nolan Patrick wins face-off versus Aleksander Barkov in Bruins zone.
10:08 of 3rd period - Snap shot by Nolan Patrick.
10:08 of 3rd period - Shot Misses the Net.
10:10 of 3rd period - Slapshot by Connor Murphy.
10:10 of 3rd period - Shot Blocked by Mark Giordano.
10:24 of 3rd period - Wrist shot by Nolan Patrick.
10:24 of 3rd period - Stopped by Henrik Lundqvist without a rebound.
10:25 of 3rd period - Sean Couturier wins face-off versus Sean Monahan in Avalanche zone.
10:25 of 3rd period - Sean Couturier is hit by Anthony Mantha.
10:37 of 3rd period - Wrist shot by Mark Stone.
10:37 of 3rd period - Shot Misses the Net.
10:39 of 3rd period - Slapshot by Jaccob Slavin.
10:39 of 3rd period - Stopped by Juuse Saros without a rebound.
10:40 of 3rd period - Anthony Beauvillier wins face-off versus Aleksander Barkov in Bruins zone.
10:46 of 3rd period - Off-side.
10:47 of 3rd period - Nikita Kucherov wins face-off versus Anthony Beauvillier in neutral zone.
10:56 of 3rd period - Snap shot by Aleksander Barkov.
10:56 of 3rd period - Stopped by Juuse Saros with a rebound.
11:12 of 3rd period - Snap shot by Anthony Beauvillier.
11:12 of 3rd period - Stopped by Henrik Lundqvist without a rebound.
11:13 of 3rd period - Anthony Mantha wins face-off versus Sean Couturier in Avalanche zone.
12:06 of 3rd period - Snap shot by Nikita Kucherov.
12:06 of 3rd period - Shot Blocked by Joel Edmundson.
12:14 of 3rd period - Snap shot by Anthony Beauvillier.
12:14 of 3rd period - Shot Misses the Net.
12:54 of 3rd period - Wrist shot by Mark Stone.
12:54 of 3rd period - Shot Misses the Net.
13:30 of 3rd period - Slapshot by Zack Kassian.
13:30 of 3rd period - Stopped by Juuse Saros with a rebound.
13:52 of 3rd period - Wrist shot by Anthony Beauvillier.
13:52 of 3rd period - Stopped by Henrik Lundqvist without a rebound.
13:53 of 3rd period - Mark Jankowski wins face-off versus Anthony Beauvillier in Avalanche zone.
13:53 of 3rd period - Mark Jankowski is hit by Cam Fowler.
14:01 of 3rd period - Slapshot by Jujhar Khaira.
14:01 of 3rd period - Stopped by Juuse Saros with a rebound.
14:03 of 3rd period - Snap shot by Eric Fehr.
14:03 of 3rd period - Stopped by Juuse Saros with a rebound.
14:05 of 3rd period - Slapshot by Jujhar Khaira.
14:05 of 3rd period - Deflect By Pat Maroon.
14:05 of 3rd period - Stopped by Juuse Saros with a rebound.
14:07 of 3rd period - Snap shot by Jujhar Khaira.
14:07 of 3rd period - Deflect By Eric Fehr.
14:07 of 3rd period - Shot Misses the Net.
14:07 of 3rd period - Puck is out of play.
14:08 of 3rd period - Sean Couturier wins face-off versus Sean Monahan in Bruins zone.
14:12 of 3rd period - Double Minor Penalty to Micheal Ferland for Roughing.
14:13 of 3rd period - Aleksander Barkov wins face-off versus Sean Monahan in Bruins zone.
16:36 of 3rd period - Anthony Beauvillier is hit by Johnny Gaudreau and loses puck.
18:12 of 3rd period - Penalty to Micheal Ferland is over, Micheal Ferland is back on ice.
18:35 of 3rd period - Slapshot by Maxime Comtois.
18:35 of 3rd period - Stopped by Henrik Lundqvist without a rebound.
18:36 of 3rd period - Nolan Patrick wins face-off versus Sean Couturier in Avalanche zone.
19:28 of 3rd period - Icing by Cam Fowler.
19:29 of 3rd period - Sean Monahan wins face-off versus Cedric Paquette in Bruins zone.
19:41 of 3rd period - Icing by Nikita Kucherov.
19:42 of 3rd period - Aleksander Barkov wins face-off versus Anthony Beauvillier in Avalanche zone.
19:42 of 3rd period - Aleksander Barkov is hit by Cam Fowler.
Goals for this period are 0 for Avalanche vs 0 for Bruins.
Shots for this period are 10 for Avalanche vs 12 for Bruins.